[Event "NY Presidents Day Schiller-C 2024"]
[Site "New York"]
[Date "2024.02.19"]
[Round "8.4"]
[White "Andrianov, Nikolai"]
[Black "Gaw, Chloe"]
[Result "1/2-1/2"]
[ECO "A03"]
[WhiteElo "2266"]
[BlackElo "1928"]
[Annotator "TA"]
[PlyCount "37"]
[EventDate "2024.02.14"]
[EventType "schev"]
[EventCountry "USA"]
[SourceTitle "playchess.com"]
[Source "ChessBase"]
[SourceQuality "1"]
[TimeControl "5400+30"]

1. Nf3 d5 2. b3 Nf6 3. Bb2 c5 4. e3 Nc6 5. Bb5 Bd7 6. O-O e6 7. d3 Be7 8. Bxc6 Bxc6 9. Ne5 Qc7 10. Nd2 Bd6 11. f4 O-O-O 12. Nxc6 Qxc6 13. Qe2 Qc7 14. Nf3 d4 15. g3 e5 (15... dxe3 $14 16. Qxe3 Rhe8) 16. fxe5 $16 Bxe5 17. Nxe5 Qxe5 18. e4 (18. Rae1 $16) 18... Qe6 $14 19. Qf3 {[%emt 0:07:21] Weighted Error Value: White=0.19 (very precise) /Black=0.33.  Mistake:       	White=1     	Black=1      OK:         	White=3     	Black=2} 1/2-1/2

[Event "NY Presidents Day Schiller-C 2024"]
[Site "New York"]
[Date "2024.02.19"]
[Round "8.5"]
[White "Plat, Vojtech"]
[Black "Mou, Iris"]
[Result "1-0"]
[ECO "D48"]
[WhiteElo "2516"]
[BlackElo "2128"]
[Annotator "TA"]
[PlyCount "117"]
[EventDate "2024.02.14"]
[EventType "schev"]
[EventCountry "USA"]
[SourceTitle "playchess.com"]
[Source "ChessBase"]
[SourceQuality "1"]
[TimeControl "5400+30"]

1. d4 Nf6 2. Nf3 e6 3. e3 d5 4. c4 a6 5. Nc3 dxc4 6. Bxc4 b5 7. Bd3 Bb7 8. O-O c5 9. Qe2 Nbd7 10. b3 Qc7 11. Bb2 Bd6 12. Rac1 Qb8 13. h3 O-O 14. Rfd1 Rd8 15. Bb1 cxd4 16. Nxd4 Nc5 17. b4 Ncd7 18. a3 Ne5 19. Ba2 Qa7 20. Rc2 Qb6 21. Rcd2 Bc7 22. Ba1 Rac8 (22... Ng6 {is more complex.} 23. Nb3 Nh4 24. e4 Bc6) 23. a4 bxa4 24. Nxa4 Qxb4 25. Rb2 Qxa4 26. Rxb7 Nc6 27. Rdb1 {[%emt 0:01:15] [#]} Rb8 $2 (27... Nxd4 $1 $11 {and Black has nothing to worry.} 28. Bxd4 Qc6) 28. Rxb8 $2 (28. Nxe6 $2 Rxb7 29. Nxd8 Rxb1+ (29... Nxd8 $2 30. Rc1 $19) 30. Bxb1 Qxa1 $19 (30... Nxd8 $2 31. Bxf6 gxf6 32. Qd3 $19)) (28. Rxc7 $18 Rxb1+ 29. Bxb1 Qxa1 30. Qf1 (30. Nxc6 $2 Qxb1+ 31. Qf1 Qb6 $19)) 28... Rxb8 $11 29. Rc1 Nb4 ({Better is} 29... Nxd4 $11 30. Bxd4 Bd6) 30. Bb1 (30. Bxe6 $1 $14 fxe6 31. Nxe6) 30... Nbd5 (30... Qxa1 $2 31. Bxh7+ Nxh7 32. Rxa1 $18) (30... Be5 $15) 31. Bd3 $11 Qa3 32. Qf1 Qd6 33. Nf3 $1 a5 34. e4 (34. Bd4 $11 Nd7 35. e4) 34... Nb4 $15 35. Bb1 Qe7 ({Black should play} 35... Qb6 $17) 36. g3 (36. Bxf6 $11 {remains equal.} gxf6 37. Rc4) 36... Bb6 37. Kg2 h6 38. Qc4 Rd8 39. Bc3 Nd7 40. Qe2 Nc5 41. Ne5 Nb3 42. Rd1 Rxd1 43. Qxd1 a4 (43... Qc5 $15 44. Qf3 Qc7) 44. Bb2 (44. Bxb4 $1 $11 Qxb4 45. Qd7) 44... f6 45. Nc4 Bc5 46. Qg4 (46. Bc3 $142) 46... Nc6 47. Qh5 Qf7 48. Qd1 Bd4 (48... Qb7 $17 49. Qh5 Qd7) 49. Ba3 $1 $15 Qa7 50. Qh5 Qb8 (50... Bxf2 $2 51. Qe8+ Kh7 52. Qxe6 $18 (52. Qxc6 Bxg3 53. Qb6 Qd7 $11)) (50... Qd7 {simplifies} 51. Qd1 Ne5 52. Nxe5 fxe5 53. Bc2 Qc6) 51. e5 f5 $1 (51... Bxe5 52. Qg6 $11) (51... Nxe5 52. Nxe5 fxe5 (52... Bxe5 $2 53. Qg6 $18) 53. Qg6 $11) (51... fxe5 $2 52. Qg6 Nc5 53. Bxc5 Bxc5 54. Qxe6+ Kh8 55. Qg6 $18 (55. Qxc6 Qxb1 56. Qxc5 Qe4+ 57. Kh2 Qf5 $18)) 52. Qg6 Qc8 $1 (52... Nxe5 $2 53. Qxe6+ Kh8 54. Qxf5 $18 (54. Bxf5 Qa8+ 55. Kg1 Nf3+ 56. Kf1 Bf6 $11)) 53. g4 $1 Nc5 (53... Nxe5 $15 54. Nxe5 Bxe5 55. gxf5 Nd2) 54. gxf5 $11 Ne7 (54... Nxe5 $2 {loses.} 55. Nxe5 Qb7+ (55... Bxe5 $2 56. Bxc5 Qb7+ 57. f3 $18) 56. Nf3 Qxb1 57. Nxd4 $18) 55. Qg4 Qb7+ 56. Kh2 Qd5 $2 (56... Qxb1 $11 57. Qxd4 Nxf5 58. Qxc5 Qf1) 57. f6 $1 $18 Bxe5+ 58. Nxe5 Qxe5+ 59. Qg3 (59. f4 Qxf6 60. Bxc5 Qb2+ 61. Qg2 Qxb1 62. Bxe7 Qb8 $16) 1-0

[Event "NY Presidents Day Schiller-C 2024"]
[Site "New York"]
[Date "2024.02.19"]
[Round "8.6"]
[White "Shangin, Lev"]
[Black "Martin Del Campo Cardenas, Roberto Abel"]
[Result "1/2-1/2"]
[ECO "E91"]
[WhiteElo "1866"]
[BlackElo "2205"]
[Annotator "RC"]
[PlyCount "84"]
[EventDate "2024.02.14"]
[EventType "schev"]
[EventCountry "USA"]
[SourceTitle "playchess.com"]
[Source "ChessBase"]
[SourceQuality "1"]
[TimeControl "5400+30"]

1. d4 Nf6 2. c4 d6 3. Nc3 g6 4. e4 Bg7 5. Nf3 O-O 6. Be2 Bg4 7. Be3 Nfd7 8. Qd2 e5 9. d5 f5 10. exf5 gxf5 11. Bg5 Qe8 12. h3 Bxf3 13. gxf3 Qg6 14. h4 h6 15. f4 hxg5 16. h5 Qe8 17. fxg5 e4 18. O-O-O Qe7 19. h6 Bxc3 20. bxc3 Ne5 21. g6 Nxg6 22. Rdg1 Rf6 23. Bh5 Nd7 24. Bxg6 Kh8 25. Rg5 Ne5 26. Bh5 Qh7 27. Be2 Rg6 28. Rxf5 Rg1+ 29. Rxg1 Qxf5 30. h7 Rf8 31. Rg2 Qf4 32. Rg8+ Kxh7 33. Rxf8 Qxf8 34. Qe3 Qh6 35. Kd2 Nd7 36. Bg4 Nc5 37. Bf5+ Kg7 38. Qxh6+ Kxh6 39. Ke3 Kg5 40. Bxe4 Na4 41. f4+ Kf6 42. Kd4 Nc5 1/2-1/2

[Event "NY Presidents Day Schiller-C 2024"]
[Site "New York"]
[Date "2024.02.19"]
[Round "8.7"]
[White "Pagan, Jonathan"]
[Black "Podavonov, Alisher"]
[Result "0-1"]
[ECO "B80"]
[WhiteElo "2018"]
[BlackElo "2175"]
[Annotator "RC"]
[PlyCount "82"]
[EventDate "2024.02.14"]
[EventType "schev"]
[EventCountry "USA"]
[SourceTitle "playchess.com"]
[Source "ChessBase"]
[SourceQuality "1"]
[TimeControl "5400+30"]

1. e4 c5 2. Nf3 e6 3. d4 cxd4 4. Nxd4 Nf6 5. Nc3 d6 6. Be3 a6 7. Qd2 b5 8. f3 Nbd7 9. g4 Nb6 10. a4 Nc4 11. Bxc4 bxc4 12. a5 Qc7 13. O-O Be7 14. Nce2 O-O 15. g5 Nd7 16. f4 Nc5 17. Ng3 Bb7 18. Qg2 Rfe8 19. Nde2 d5 20. exd5 Bxd5 21. Qf2 Bf8 22. Nc3 Bb7 23. Qe2 Qc6 24. Rf2 Nd7 25. h4 f5 26. gxf6 Nxf6 27. Bd4 Rad8 28. Bxf6 gxf6 29. Kh2 Bc5 30. Rff1 f5 31. Nh5 Kf7 32. Ng3 Rg8 33. Qh5+ Rg6 34. Nce4 Rd2+ 35. Kh3 Kg7 36. Rae1 fxe4 37. Qe5+ Kg8 38. Nxe4 Rdg2 39. Qb8+ Bf8 40. f5 exf5 41. Rxf5 Bc8 0-1

[Event "NY Presidents Day Schiller-C 2024"]
[Site "New York"]
[Date "2024.02.19"]
[Round "8.8"]
[White "Ho, Carter"]
[Black "Lapshun, Yury"]
[Result "0-1"]
[ECO "B33"]
[WhiteElo "2180"]
[BlackElo "2337"]
[Annotator "TA"]
[PlyCount "116"]
[EventDate "2024.02.14"]
[EventType "schev"]
[EventCountry "USA"]
[SourceTitle "playchess.com"]
[Source "ChessBase"]
[SourceQuality "1"]
[TimeControl "5400+30"]

1. e4 c5 2. Nf3 Nc6 3. d4 cxd4 4. Nxd4 e5 5. Nb5 d6 6. N1c3 a6 7. Na3 Be6 8. Be3 Nf6 9. Nc4 b5 10. Nb6 Rb8 11. Ncd5 (11. a4 $11) 11... Ng4 $1 $15 12. Qd2 Nxe3 {[%emt 0:00:10] Black is slightly better.} 13. Qxe3 Nd4 14. Bd3 Be7 15. c3 (15. Nxe7 $11 Qxb6 16. Nf5 Nxf5 17. exf5 Qxe3+ 18. fxe3) 15... Bg5 16. Qg3 Nc6 $36 {[%emt 0:02:14][%cal Oe8g8][%mdl 2048] Black is on the roll.} 17. a4 O-O 18. axb5 axb5 19. Ra6 Rb7 {[%emt 0:02:10] And now ...Nb8 would win.} 20. Nc8 $2 {[%emt 0:13:44][%mdl 8192] [#]} Bh4 $2 (20... Bf4 $1 $19 21. Nxd6 Bxg3 (21... Qxd6 $2 22. Qh4 $19) 22. Nxb7 Qg5) 21. Nce7+ $17 Nxe7 ({Don't play} 21... Bxe7 $6 22. Rxc6 Bxd5 23. exd5 $11) 22. Qxh4 Nxd5 23. Qxd8 Rxd8 24. exd5 Bxd5 25. f3 Kf8 26. Kf2 h5 27. Rd1 Bb3 28. Re1 Bc4 29. Bxc4 ({White should play} 29. Be2) 29... bxc4 {[%emt 0:00:03][%mdl 4096] Endgame. KRR-KRR} 30. Re2 Ke7 31. Rc6 (31. f4 $142) 31... Rdb8 32. f4 (32. Rxc4 $17 {keeps fighting.} Rxb2 33. f4) 32... Rxb2 $19 33. Rxc4 Rxe2+ 34. Kxe2 {[%emt 0:00:04] KR-KR} Rb2+ 35. Kf3 (35. Kf1 {was the only defense.}) 35... f5 {[%emt 0:01:07] aiming for ...e4+.} 36. fxe5 dxe5 37. Rc7+ $2 (37. h4 {is the only way for White.}) 37... Kf6 {[%emt 0:00:44] White must now prevent ...e4+.} 38. h4 (38. Rc6+ $142 Kg5 39. h4+ Kxh4 40. Rg6) 38... e4+ 39. Kg3 Rb6 $2 (39... e3 {[%cal Of5f4] ...f4+! is the strong threat.} 40. Rc6+ Ke5) 40. Kf4 Re6 41. Rd7 Rc6 42. Rb7 g6 ({Weaker is} 42... Rxc3 43. Rb6+ Kf7 44. Kxf5 $11) 43. c4 Re6 $2 (43... Rxc4 $19 {is more deadly. Hoping for ...Rc2.} 44. Rb6+ Kf7 45. Rb7+ Kg8) 44. c5 $17 e3 45. Rb1 Re4+ (45... e2 $17 46. Re1 Re4+ 47. Kg3 Rg4+ 48. Kh3 Rc4 (48... Re4 49. Kg3 $15) 49. Rxe2 Rxc5) 46. Kf3 $15 e2 47. Kf2 Rxh4 48. Rc1 (48. Rb6+ $15 Kf7 49. Rb7+ Ke8 50. Kxe2) 48... Re4 $19 {[%emt 0:01:45] Black is clearly winning.} 49. Ke1 {[%emt 0:00:05] [#]} Ke7 $1 50. c6 {[%emt 0:00:34] c7 would kill now.} Kd8 51. c7+ (51. Ra1 $142 Rg4 52. Kxe2 Rxg2+ 53. Kf3) 51... Kc8 52. Rc6 Rg4 53. Kxe2 Rxg2+ 54. Kf3 Rg4 55. Rc3 h4 {[%emt 0:00:17] ( -> ...Rg3+)} 56. Kf2 g5 57. Rc5 f4 58. Kf3 Rg3+ {[%emt 0:00:02] Weighted Error Value: White=0.77/Black=0.35.  Loses game:     	White=2     	---        Missed win:     	---       	Black=1      Mistake:       	White=9     	Black=2      Inaccurate:     	White=2     	Black=2      OK:         	White=12    	Black=15     Best:        	White=7     	Black=7      Strong:       	---       	Black=2} 0-1

[Event "NY Presidents Day Schiller-C 2024"]
[Site "New York"]
[Date "2024.02.19"]
[Round "8.9"]
[White "Tang, Benjamin"]
[Black "Campos Jimenez, Augusto Cesar"]
[Result "0-1"]
[ECO "B33"]
[WhiteElo "2167"]
[BlackElo "2288"]
[Annotator "TA"]
[PlyCount "80"]
[EventDate "2024.02.14"]
[EventType "schev"]
[EventCountry "USA"]
[SourceTitle "playchess.com"]
[Source "ChessBase"]
[SourceQuality "1"]
[TimeControl "5400+30"]

1. e4 c5 2. Nf3 Nc6 3. d4 cxd4 4. Nxd4 Qb6 5. Nb3 Nf6 6. Nc3 e6 7. Qe2 Bb4 8. Bd2 O-O 9. O-O-O d5 10. exd5 exd5 (10... Bxc3 {seems wilder.} 11. Be3 Nd4 12. Qd3 Nxd5 13. bxc3 Nxe3 14. Qxe3 Nxb3+ 15. axb3 Qxe3+ 16. fxe3 b6) 11. a3 (11. Be3 $11 Qd8 12. Qd3) 11... Bxc3 $1 $17 12. Bxc3 Re8 $1 (12... Ne4 $6 13. Be1 $14) 13. Qf3 (13. Qb5 $17 {was necessary.} Qxf2 14. Bxf6 Qxf6 15. Bd3) 13... Bg4 $19 14. Qg3 {[%emt 0:00:34] [#] Black must now prevent Bxf6.} d4 $1 15. Nxd4 {[%emt 0:02:55] Strongly threatening Nf3.} (15. Rxd4 Nxd4) 15... Bxd1 16. Nxc6 Bh5 17. Nb4 {[%emt 0:14:26] [#]} Rad8 {[%emt 0:01:36] Prevents Nd5.} ({Black should try} 17... Bg6 $1 $19 {...a5 would now be deadly.} 18. Bxf6 Qxf6) 18. Bb5 $17 Re6 (18... Qxb5 19. Bxf6 Bg6 20. Bxd8 Rxd8 21. Qc7 $16) 19. Bc4 Red6 $40 {[%emt 0:05:11][%mdl 128] Repels Nd5. ( -> ...Rd1+). Black goes for the king.} 20. Kb1 ({Better is} 20. b3) 20... Bg6 21. Bxf6 gxf6 (21... Rxf6 22. Nd5 Bxc2+ (22... Qxf2 23. Nxf6+ Qxf6 24. Qc7 $14) 23. Ka2 (23. Kc1 Rxd5 24. Bxd5 h5 $17) 23... Rxd5 (23... Qxf2 24. Nxf6+ Qxf6 25. Rf1 $11) 24. Bxd5 $14) 22. h4 Rd1+ 23. Rxd1 Rxd1+ 24. Ka2 Qd6 {[%emt 0:01:13] Repels Nd5. Hoping for ...Qxg3.} 25. Qf3 Rd4 26. Bb3 {[%emt 0:21:59] [#]} a5 $1 (26... Rxh4 27. Qxb7 Qc5 (27... Qb6 28. Qxb6 axb6 29. Nd5 $17) 28. f4 $11) 27. h5 Be4 (27... axb4 28. hxg6 hxg6 29. Qxb7 $17) 28. Qg4+ Kf8 29. Qc8+ Qd8 {[%emt 0:11:03] Really sharp!} 30. Qc5+ Kg7 31. f3 (31. h6+ $17 Kg8 (31... Kxh6 32. c3 $11) 32. f3) 31... axb4 32. fxe4 Rxe4 $19 {[%emt 0:00:23][%mdl 4096] Endgame. KQR-KQB} (32... bxa3 33. Bd5 Rd2 34. h6+ Kg6 (34... Kxh6 $2 35. Qe3+ Kg7 36. Qxd2 $18) 35. Kxa3) 33. h6+ Kg6 34. a4 Qe7 (34... Rg4 $142 35. Bc4 Rxg2 36. Qxb4 Rxc2 37. Bxf7+ Kxh6 (37... Kxf7 38. Qb3+ Kg6 39. Qxc2+ f5 40. Qg2+ Kxh6 41. Qh1+ Kg5 42. Qxb7 $11) 38. Qxb7 Qd4) 35. Qc8 (35. Qxe7 $17 {is a better defense.} Rxe7 36. Bd5) 35... Kxh6 $2 (35... Re5 $19 36. Qh3 f5) 36. Qg8 $2 (36. Bd5 $11 {and White is okay.}) 36... Re5 37. Qa8 Rg5 {[%emt 0:01:56] Black is clearly winning.} 38. a5 (38. Qa7 $142) 38... Kg7 ({Weaker is} 38... Rxg2 39. a6 Qd6 40. axb7 $11) 39. Kb1 Qc5 40. Qd8 Rxg2 {[%emt 0:00:57] Weighted Error Value: White=0.53/Black=0.20 (precise) .  Loses game:     	White=1     	---        Missed win:     	---       	Black=1      Mistake:       	White=5     	Black=2      OK:         	White=9     	Black=8      Best:        	White=6     	Black=4      Strong:       	---       	Black=3      Brilliant:      	---       	Black=1} 0-1

[Event "NY Presidents Day Schiller-C 2024"]
[Site "New York"]
[Date "2024.02.19"]
[Round "9.1"]
[White "Czebe, Attila"]
[Black "Yoo, Eugene"]
[Result "1/2-1/2"]
[ECO "B23"]
[WhiteElo "2346"]
[BlackElo "2168"]
[Annotator "RC"]
[PlyCount "49"]
[EventDate "2024.02.14"]
[EventType "schev"]
[EventCountry "USA"]
[SourceTitle "playchess.com"]
[Source "ChessBase"]
[SourceQuality "1"]
[TimeControl "5400+30"]

1. e4 c5 2. Nc3 Nc6 3. Bb5 Nd4 4. Nf3 a6 5. Bd3 g6 6. O-O Bg7 7. Nd5 e6 8. Ne3 d5 9. exd5 exd5 10. Re1 Ne7 11. Nxd4 cxd4 12. Nf1 O-O 13. Ng3 h5 14. Bf1 h4 15. Ne2 d3 16. cxd3 d4 17. b3 Re8 18. Nf4 Qa5 19. Bb2 Bd7 20. g3 Bh6 21. Bxd4 hxg3 22. hxg3 Bxf4 23. gxf4 Qd5 24. Bc3 Qa5 25. Bb2 1/2-1/2

[Event "NY Presidents Day Schiller-C 2024"]
[Site "New York"]
[Date "2024.02.20"]
[Round "9.2"]
[White "Liu, Kelsey"]
[Black "Quesada Vera, Liordis"]
[Result "0-1"]
[ECO "C40"]
[WhiteElo "2004"]
[BlackElo "2337"]
[Annotator "TA"]
[PlyCount "68"]
[EventDate "2024.02.14"]
[EventType "schev"]
[EventCountry "USA"]
[SourceTitle "playchess.com"]
[Source "ChessBase"]
[SourceQuality "1"]
[TimeControl "5400+30"]

1. e4 e5 2. Nf3 Qe7 3. Bc4 d6 4. Nc3 c6 5. a4 h6 6. h3 Nf6 7. d3 Be6 8. Be3 {[%emt 0:09:51] Weiß hat minimalen Vorteil.} Nbd7 9. Qd2 $2 (9. Bxe6 $14 {behält die Oberhand.} Qxe6 10. d4) 9... d5 $17 10. exd5 (10. Ba2 $17) 10... cxd5 $19 11. Nb5 {[#]} Qd8 {Verhindert Nc7+. ...a6 wäre nun fies.} 12. Bb3 a6 13. Na3 d4 14. Bxe6 fxe6 15. Bg5 (15. Nxd4 $142 exd4 16. Bxd4) 15... hxg5 16. Qxg5 Qa5+ 17. Ke2 Bxa3 ({Viel schwächer ist} 17... Qxa4 18. Qg6+ Kd8 19. Rhc1 $19) 18. Qg6+ Kd8 19. Rxa3 Qc5 20. Rc1 Rh6 21. Qxg7 Rh7 22. Qg5 Ke7 {Weiss muss nun ...Rg8 beachten.} 23. Kf1 Qd5 {Und ...Rg8 würde nun gewinnen.} 24. Qd2 Rg8 25. c3 $2 {[%emt 0:10:54] [#]} (25. Ng5) 25... Rxh3 $3 {[%emt 0:00:00][%cal Og8g2][%mdl 512] Droht ...Rxg2! und aus.} 26. gxh3 (26. c4 Qc6) 26... Qxf3 27. cxd4 Qxh3+ 28. Ke2 Qh5+ 29. Kf1 Nd5 30. dxe5 Qh3+ 31. Ke2 Qg4+ 32. Ke1 Qf3 (32... Nxe5 $142 33. d4 Nf3+ (33... Rh8 $2 34. Qe2 $19) 34. Rxf3 Qxf3 35. Qe2 Rg1+ 36. Kd2 Qf4+ (36... Qxe2+ $2 37. Kxe2 Rxc1 38. b4 $19) 37. Qe3 Nxe3 38. Rxg1 Qxf2+ 39. Kd3 Qxg1 40. Kd2 Nd5 41. Ke2 Qe3+ (41... Qxd4 {wird mattgesetzt.} 42. Kf3 Qe3+ 43. Kg4 Nf6+ 44. Kh4 Ne4 45. Kg4 Qg3+ 46. Kh5 Qg5#) 42. Kd1 Nf4 (42... Qxd4+ {führt zum Matt.} 43. Ke2 Qe3+ 44. Kd1 Nf4 45. b4 Qe2+ 46. Kc1 Nd3+ 47. Kb1 Qb2#) 43. b4 Qe2+ (43... Qxd4+ 44. Kc2 Qd3+ 45. Kb2 Qc4 46. Ka3 Nd3 47. a5 Qxb4+ 48. Ka2 Qb2#) 44. Kc1 Nd3+ 45. Kb1 Qb2#) 33. Kf1 Rh8 34. Qg5+ Kf7 {[%emt 0:00:00] Weiß wurde aus der Eröffnung heraus überfahren.   Gewichteter Fehlerwert: Weiß=0.73/Schwarz=0.23 (präzise) .  Fehler:       	Weiß=4     	---        Ungenau:       	Weiß=1     	---        OK:         	Weiß=8     	Schwarz=12    Bester:       	---       	Schwarz=2} 0-1

[Event "NY Presidents Day Schiller-C 2024"]
[Site "New York"]
[Date "2024.02.20"]
[Round "9.3"]
[White "Gaw, Chloe"]
[Black "Perez Avendano, Paul Omar"]
[Result "1-0"]
[ECO "E43"]
[WhiteElo "1928"]
[BlackElo "2213"]
[Annotator "RC"]
[PlyCount "65"]
[EventDate "2024.02.14"]
[EventType "schev"]
[EventCountry "USA"]
[SourceTitle "playchess.com"]
[Source "ChessBase"]
[SourceQuality "1"]
[TimeControl "5400+30"]

1. d4 Nf6 2. c4 e6 3. Nc3 Bb4 4. e3 b6 5. f3 O-O 6. Bd3 d5 7. a3 Be7 8. Nge2 c5 9. cxd5 exd5 10. O-O Nc6 11. Bd2 a6 12. Be1 Re8 13. Bc2 Be6 14. Kh1 cxd4 15. Nxd4 Nxd4 16. Qxd4 Bc5 17. Qd3 Bc8 18. Bh4 Bb7 19. Bxf6 Qxf6 20. Qxh7+ Kf8 21. e4 d4 22. Ne2 g6 23. Rad1 Ke7 24. e5 Qxe5 25. Bxg6 Rh8 26. Qxf7+ Kd8 27. Nf4 Qe7 28. Qf5 Kc7 29. Rfe1 Qh4 30. Qe5+ Bd6 31. Rc1+ Bc6 32. Nd5+ Kb7 33. Qxd6 1-0

[Event "NY Presidents Day Schiller-C 2024"]
[Site "New York"]
[Date "2024.02.19"]
[Round "9.4"]
[White "Mou, Iris"]
[Black "Andrianov, Nikolai"]
[Result "1/2-1/2"]
[ECO "B40"]
[WhiteElo "2128"]
[BlackElo "2266"]
[Annotator "TA"]
[PlyCount "30"]
[EventDate "2024.02.14"]
[EventType "schev"]
[EventCountry "USA"]
[SourceTitle "playchess.com"]
[Source "ChessBase"]
[SourceQuality "1"]
[TimeControl "5400+30"]

1. e4 c5 2. Nf3 e6 3. g3 Nc6 4. Bg2 Nf6 5. Qe2 d5 6. exd5 Nxd5 7. O-O Be7 8. Rd1 {[%emt 0:00:32] White has an edge.} O-O 9. d4 cxd4 10. Nxd4 Nxd4 11. Rxd4 Bf6 12. Rd1 {[%emt 0:02:49] [#] aiming for c4.} Qc7 13. Na3 a6 {[%emt 0:04:25] Against c4} 14. c4 Ne7 15. Bf4 e5 {[%emt 0:00:38] Weighted Error Value: White=0.05 (flawless) /Black=0.09 (flawless) .  Inaccurate:     	White=1     	Black=1      OK:         	White=4     	Black=1      Best:        	White=1     	Black=1} 1/2-1/2

[Event "NY Presidents Day Schiller-C 2024"]
[Site "New York"]
[Date "2024.02.20"]
[Round "9.5"]
[White "Shangin, Lev"]
[Black "Plat, Vojtech"]
[Result "1/2-1/2"]
[ECO "B07"]
[WhiteElo "1866"]
[BlackElo "2516"]
[Annotator "TA"]
[PlyCount "106"]
[EventDate "2024.02.14"]
[EventType "schev"]
[EventCountry "USA"]
[SourceTitle "playchess.com"]
[Source "ChessBase"]
[SourceQuality "1"]
[TimeControl "5400+30"]

1. d4 d6 2. e4 Nf6 3. Nc3 e5 4. dxe5 dxe5 5. Qxd8+ Kxd8 6. Bc4 Be6 7. Bxe6 fxe6 8. f3 Bc5 9. Nd1 Nc6 10. c3 {[%emt 0:00:59] Prevents Nb4} Ke7 11. Be3 {[%emt 0:00:53] White is slightly better.} Bb6 12. Nh3 Rhd8 13. Ke2 h6 14. Nhf2 Ne8 15. Nd3 Nd6 16. b3 Rd7 17. Nc5 Bxc5 18. Bxc5 b6 19. Ba3 a5 20. Ne3 Na7 (20... Rdd8 $14) 21. Nc4 $1 $16 Rdd8 22. Nxe5 {[%emt 0:01:48] White is more active.} a4 (22... Kf6 $16) 23. Bb2 (23. bxa4 Kf6 24. Ng4+ Kf7 25. Bxd6 Rxd6) 23... Ndb5 (23... Nf7 {might work better.} 24. c4 Nxe5 25. Bxe5 Rac8) 24. bxa4 $18 Nd6 {[%emt 0:00:02] [#]} 25. a5 $1 bxa5 (25... Nf7 26. Ba3+) 26. Rab1 Rdb8 27. c4 Rb4 28. Bd4 Kf8 29. Bxa7 Rxa7 30. Nc6 Rxb1 31. Rxb1 {[%emt 0:00:04][%mdl 4096] Endgame. KRN-KRN} Ra6 32. Ne5 Ke7 33. c5 Ne8 (33... Nf7) 34. Ke3 a4 35. a3 Ra8 36. f4 Nf6 37. Nc6+ Kd7 38. Ne5+ Ke7 39. Nc6+ (39. Rb7 Kd8 40. Kd4 Kc8) 39... Kd7 $1 40. Nd4 g5 41. c6+ Ke7 42. h3 gxf4+ 43. Kxf4 Rg8 44. g4 h5 45. g5 Nh7 (45... e5+ 46. Kxe5 (46. Kf5 Ne8 $18) 46... Rxg5+ 47. Nf5+ Kf7) 46. h4 Nf8 47. Kg3 (47. e5 $1 $18) 47... Ng6 $16 48. Ne2 e5 {[%emt 0:04:29] [#] Repels Nf4} (48... Kd6 $16 {was necessary.}) 49. Nc3 (49. Rd1 $1 $18 {Threatens to win with Nc3.} Rb8 50. Rd7+ Ke6 51. Rxc7 Rb3+ 52. Kf2 Rxa3 53. Rg7 Nxh4 54. Rg8) 49... Kd6 50. Nd5 {[%emt 0:02:39] Dodges Nf4. Rf1 would now be deadly.} (50. Nxa4 Ra8 51. Nc3 Rxa3 $15) 50... Kxc6 51. Rc1+ Kd6 52. Rd1 {[%emt 0:02:21] Strongly threatening Nf6+.} ({Reject} 52. Nxc7 $6 Rb8 $11) 52... Kc6 {[%emt 0:00:14] [#]} (52... Kc5 $142) 53. Rc1+ ({White should try} 53. Nf6 $1 Rh8 54. Rd5) 53... Kd6 {[%emt 0:00:04] Weighted Error Value: White=0.40/Black=0.30.  Mistake:       	White=3     	Black=7      Inaccurate:     	White=3     	Black=1      OK:         	White=16    	Black=12     Best:        	White=1     	Black=9      Strong:       	White=1     	Black=1} 1/2-1/2

[Event "NY Presidents Day Schiller-C 2024"]
[Site "New York"]
[Date "2024.02.20"]
[Round "9.6"]
[White "Martin Del Campo Cardenas, Roberto Abel"]
[Black "Pagan, Jonathan"]
[Result "1-0"]
[ECO "B19"]
[WhiteElo "2205"]
[BlackElo "2018"]
[Annotator "RC"]
[PlyCount "81"]
[EventDate "2024.02.14"]
[EventType "schev"]
[EventCountry "USA"]
[SourceTitle "playchess.com"]
[Source "ChessBase"]
[SourceQuality "1"]
[TimeControl "5400+30"]

1. e4 c6 2. d4 d5 3. Nd2 dxe4 4. Nxe4 Bf5 5. Ng3 Bg6 6. h4 h6 7. Nf3 e6 8. h5 Bh7 9. Bd3 Bxd3 10. Qxd3 Nf6 11. Bd2 Be7 12. O-O-O O-O 13. Kb1 c5 14. c4 cxd4 15. Qxd4 Qxd4 16. Nxd4 Rc8 17. b3 Nc6 18. Bc3 Nxd4 19. Bxd4 Rd8 20. Rhe1 Bb4 21. Rf1 Nd7 22. f4 f5 23. Rf3 Be7 24. Rfd3 Nf6 25. Kc2 Kf7 26. Bxf6 Bxf6 27. Rd7+ Ke8 28. Rxb7 Rxd1 29. Kxd1 Rd8+ 30. Kc2 Rd7 31. Rxd7 Kxd7 32. b4 Kc6 33. Ne2 Kb6 34. Kd3 Kc6 35. Nd4+ Kd7 36. c5 a6 37. a4 Be7 38. Kc4 Bf6 39. b5 axb5+ 40. axb5 Be7 41. b6 1-0

[Event "NY Presidents Day Schiller-C 2024"]
[Site "New York"]
[Date "2024.02.20"]
[Round "9.7"]
[White "Podavonov, Alisher"]
[Black "Ho, Carter"]
[Result "0-1"]
[ECO "E11"]
[WhiteElo "2175"]
[BlackElo "2180"]
[Annotator "RC"]
[PlyCount "122"]
[EventDate "2024.02.14"]
[EventType "schev"]
[EventCountry "USA"]
[SourceTitle "playchess.com"]
[Source "ChessBase"]
[SourceQuality "1"]
[TimeControl "5400+30"]

1. d4 Nf6 2. c4 e6 3. g3 d5 4. Nf3 Bb4+ 5. Bd2 Be7 6. Bg2 O-O 7. O-O Nbd7 8. Qc2 c6 9. Bf4 b6 10. Nbd2 Nh5 11. Ne5 Nxe5 12. Bxe5 f6 13. Bf4 Nxf4 14. gxf4 Ba6 15. Rfd1 Rc8 16. e3 f5 17. Nf3 Rf6 18. Ne5 Bd6 19. cxd5 cxd5 20. Qa4 Be2 21. Re1 Bh5 22. Rac1 Bxe5 23. dxe5 Rg6 24. Kh1 a5 25. f3 Rh6 26. Rxc8 Qxc8 27. Rf1 Be8 28. Qd4 Qc2 29. Rd1 Qf2 30. Qd2 Qh4 31. h3 Bh5 32. Rf1 Be8 33. Qf2 d4 34. Qxh4 Rxh4 35. exd4 Rxf4 36. Rd1 Bc6 37. Rd3 Kf7 38. Kh2 Ke7 39. Kg3 g5 40. Kf2 h5 41. Ke3 Bd5 42. a3 a4 43. Rd1 Rh4 44. Kf2 Rf4 45. Rd2 Bxf3 46. Bxf3 g4 47. Rd3 Kd7 48. h4 Rxf3+ 49. Rxf3 gxf3 50. Kxf3 Kc6 51. Kf4 Kd5 52. Kg5 Ke4 53. Kf6 f4 54. Kxe6 f3 55. d5 f2 56. d6 f1=Q 57. d7 Qf5+ 58. Kd6 Qxe5+ 59. Kc6 Qc5+ 60. Kb7 Qd6 61. Kc8 Qc6+ 0-1